 Dungeon Crawl Stone Soup version 0.32-a0-422-g28b100f618 (webtiles) character file.

Game seed: 13281178539597533351

212488 zeratav the Warrior (level 18, 0/267 HPs)
             Began as a Minotaur Fighter on Feb 21, 2024.
             Was the Champion of Beogh.
             Succumbed to Vashnia's concentrated venom
             ... on level 4 of the Snake Pit.
             The game lasted 01:29:58 (33847 turns).

zeratav the Warrior (Minotaur Fighter)             Turns: 33847, Time: 01:29:58

Health: 0/267      AC: 34    Str: 26    XL:     18   Next: 24%
Magic:  11/24      EV:  8    Int:  7    God:    Beogh [******]
Gold:   974        SH: 17    Dex: 16    Spells: 17/17 levels left

rFire   . . .        u - +4 war axe (freeze) {axe}
rCold   . . .        N - +2 kite shield {AC+3}
rNeg    . . .        K - +0 plate armour
rPois   +            m - +3 crown of Dyrovepreva {rElec Int+2 SInv}
rElec   +            o - +1 cloak
rCorr   .            r - +2 pair of gloves {infuse}
SInv    +            x - +0 pair of boots
Will    ++...        t - amulet of regeneration Stlth
                     w - +4 ring of protection
HPRegen 1.44/turn    O - ring "Fyorphe" {rPois Will+ Dex+3}
MPRegen 0.19/turn

%: infuse magic (1 MP)
@: berserking, lethally poisoned (0 -> -3), slowed
A: walk on water, horns 2, retaliatory headbutt
}: 1/15 runes: decaying
a: Renounce Religion, Smiting, Recall Apostles, Blood for Blood, Dismiss Worak,
warrior, Dismiss Bogmar, warrior, Dismiss Benkei, wizard


You were on level 4 of the Snake Pit.
You worshipped Beogh.
Beogh was exalted by your worship.
You visited 6 branches of the dungeon, and saw 30 of its levels.
You also visited: Gauntlet.

You collected 2785 gold pieces.
You spent 1811 gold pieces at shops.


Innate Abilities, Weirdness & Mutations

You can walk on water.
Your facial features are unmistakably orcish.
You have a pair of horns on your head.
You reflexively headbutt those who attack you in melee.


   Skills:
 - Level 20.0 Fighting
 - Level 16.0 Axes
 - Level 10.0 Throwing
 - Level 15.0 Armour
 - Level 1.1 Dodging
 - Level 18.0 Shields
 - Level 10.0 Invocations
 + Level 11.8 Evocations


You had 17 spell levels left.
You didn't know any spells.
Your spell library contained the following spells:

 Spells                   Type           Power      Damage    Failure   Level
 Apportation              Tloc           0%         N/A       99%         1
 Kiss of Death            Conj/Necr      0%         2d5       99%         1
 Magic Dart               Conj           0%         1d3       99%         1
 Necrotise                Necr           0%         1d4       99%         1
 Sting                    Conj/Alch      0%         1d3       99%         1
 Summon Small Mammal      Summ           0%         N/A       99%         1
 Ensorcelled Hibernation  Hex/Ice        0%         N/A       99%         2
 Jinxbite                 Hex            0%         N/A       99%         2
 Searing Ray              Conj           0%         2d4       99%         2
 Sublimation of Blood     Necr           0%         N/A       99%         2
 Confusing Touch          Hex            0%         N/A       100%        3
 Dazzling Flash           Conj/Hex       0%         N/A       100%        3
 Fugue of the Fallen      Necr           0%         N/A       100%        3
 Hailstorm                Conj/Ice       0%         3d5       100%        3
 Mephitic Cloud           Conj/Alch/Air  0%         N/A       100%        3
 Ozocubu's Armour         Ice            0%         N/A       100%        3
 Passwall                 Erth           0%         N/A       100%        3
 Summon Ice Beast         Ice/Summ       0%         N/A       100%        3
 Swiftness                Air            0%         N/A       100%        3
 Anguish                  Hex/Necr       0%         N/A       100%        4
 Brom's Barrelling Bould  Conj/Erth      0%         2d3       100%        4
 Dispel Undead            Necr           0%         3d6       100%        4
 Fulminant Prism          Conj/Alch      0%         3d5       100%        4
 Ignite Poison            Fire/Alch      0%         N/A       100%        4
 Leda's Liquefaction      Alch/Erth      0%         N/A       100%        4
 Martyr's Knell           Necr/Summ      0%         N/A       100%        4
 Olgreb's Toxic Radiance  Alch           0%         N/A       100%        4
 Passage of Golubria      Tloc           0%         N/A       100%        4
 Petrify                  Alch/Erth      0%         N/A       100%        4
 Summon Lightning Spire   Summ/Air       0%         N/A       100%        4
 Alistair's Intoxication  Alch           0%         N/A       100%        5
 Curse of Agony           Necr           0%         N/A       100%        5
 Irradiate                Conj/Alch      0%         3d11      100%        5
 Lee's Rapid Deconstruct  Erth           0%         3d4*      100%        5
 Metabolic Englaciation   Hex/Ice        0%         N/A       100%        5
 Silence                  Hex/Air        0%         N/A       100%        5
 Bombard                  Conj/Erth      0%         9d1       100%        6
 Sculpt Simulacrum        Ice/Alch       0%         N/A       100%        6
 Ozocubu's Refrigeration  Ice            0%         4d7       100%        7
 Discord                  Hex            0%         N/A       100%        8
 Lehudib's Crystal Spear  Conj/Erth      0%         10d2      100%        8
 Chain Lightning          Conj/Air       0%         N/A       100%        9
 Fire Storm               Conj/Fire      0%         5d1       100%        9
 Shatter                  Erth           0%         3d5*      100%        9

Inventory:

Hand Weapons
 u - a +4 war axe of freezing (weapon) {axe}
   (You bought it in a shop on level 1 of the Snake Pit)
 D - a +1 demon whip of electrocution {mace}
   (You took it off Mara on level 4 of the Snake Pit)
Missiles
 k - 4 silver javelins {throwing}
 y - 7 throwing nets {=fthrowing}
 B - 6 curare-tipped darts (quivered) {=fthrowing}
 E - 10 javelins {throwing}
Armour
 g - the +3 scale mail "Daniacs" {rF+ rC+ rCorr Slay+3}
   (You found it on level 1 of the Swamp)

   Slay+3:    It affects your accuracy & damage with ranged weapons and melee
   (+3).
   rF+:       It protects you from fire.
   rC+:       It protects you from cold.
   rCorr:     It protects you from acid and corrosion.
 m - the +3 crown of Dyrovepreva (worn) {rElec Int+2 SInv}
   (You found it on level 5 of the Lair of Beasts)

   Int+2:     It affects your intelligence (+2).
   rElec:     It insulates you from electricity.
   SInv:      It lets you see invisible.
 o - a +1 cloak (worn)
   (You found it on level 2 of the Elven Halls)
 r - a +2 pair of gloves of infusion (worn)
   (You found it in a Gauntlet)
 x - a +0 pair of boots (worn)
   (You found it on level 6 of the Dungeon)
 K - a +0 plate armour (worn)
   (You took it off an orc warrior on level 9 of the Dungeon)
 N - a +2 kite shield of protection (worn)
   (You took it off a naga warrior on level 2 of the Snake Pit)
 S - the +4 scale mail of Servitude {rPois Will++ Int-4 Slay+2}
   (You found it on level 5 of the Lair of Beasts)

   Int-4:     It affects your intelligence (-4).
   Slay+2:    It affects your accuracy & damage with ranged weapons and melee
   (+2).
   rPois:     It protects you from poison Will++: It greatly increases your
   willpower.
Jewellery
 f - a ring of positive energy
   (You found it on level 2 of the Lair of Beasts)
 t - an amulet of regeneration (around neck)
   (You found it on level 4 of the Dungeon)
 w - a +4 ring of protection (left hand)
   (You found it on level 9 of the Dungeon)
 z - a ring of resist corrosion
   (You found it on level 2 of the Snake Pit)
 A - a ring of protection from cold
   (You found it on level 8 of the Dungeon)
 O - the ring "Fyorphe" (right hand) {rPois Will+ Dex+3}
   (You found it on level 11 of the Dungeon)

   [ring of poison resistance]

   Dex+3:     It affects your dexterity (+3).
   rPois:     It protects you from poison Will+: It increases your willpower.
Talismans
 v - a talisman of death
   (You found it on level 6 of the Dungeon)
Wands
 n - a wand of flame (159)
   (You took it off Ijyb on level 3 of the Dungeon)
 J - a wand of iceblast (24)
   (You found it on level 10 of the Dungeon)
 M - a wand of digging (9)
   (You found it on level 10 of the Dungeon)
 P - a wand of paralysis (38)
   (You took it off a kobold on level 12 of the Dungeon)
 Q - a wand of light (11)
   (You found it in a Gauntlet)
 T - a wand of mindburst (11)
   (You found it on level 12 of the Dungeon)
 Y - a wand of polymorph (12)
   (You found it on level 4 of the Swamp)
Scrolls
 a - a scroll of identify {@r1}
 b - 2 scrolls of butterflies
 c - 2 scrolls of brand weapon
 e - 4 scrolls of fog
 i - 9 scrolls of teleportation {@r4}
 q - 4 scrolls of amnesia
 C - 5 scrolls of poison {!r}
 I - 7 scrolls of revelation
 R - 5 scrolls of blinking {!r}
 U - 6 scrolls of enchant weapon
 X - a scroll of enchant armour
Potions
 h - 6 potions of invisibility
 j - 4 potions of attraction {!q}
 l - 4 potions of haste {@q3}
 p - 2 potions of resistance
 s - 4 potions of enlightenment
 G - 3 potions of brilliance
 H - 2 potions of cancellation
 L - a potion of might
 W - a potion of mutation {!q}
Miscellaneous
 V - a lightning rod (4/4)
   (You found it in a Gauntlet)
 Z - a phial of floods (inert)
   (You found it on level 4 of the Swamp)

Dungeon Overview and Level Annotations

Branches:
Dungeon (12/15) Zot: 25479  Temple (0/1) D:5            Lair (5/5) D:8 Zot: 23391
  Swamp (4/4) Lair:3 Zot: 18431   Snake (4/4) Lair:3 Zot: 19423   Slime (0/5) Lair:5
    Orc (2/2) D:11 Zot: 10867     Elf (3/3) Orc:2 Zot: 14414 Gauntlet (visited)

Altars:
Ashenzari
Cheibriados
Makhleb
Nemelex Xobeh
Okawaru
Qazlal
Sif Muna
Trog
Uskayaw
Wu Jian
Yredelemnul
Zin
Jiyva
Lugonu

Shops:
D:5 !   D:9 *   D:10 (([?[   D:11 [   Orc:2 :*([   Elf:1 *   Snake:1 ?(
Snake:2 ?

Portals:
Abyss: Lair:5

Annotations:
D:7 2 transporters, 1 runed translucent door, exclusion: downstairs, Savior361's ghost, novice CoHu
D:8 exclusion: ice statue
D:9 exclusion: 2 upstairs
D:10 exclusions: downstairs and 1 more exclusion
Snake:4 Vashnia

#..NS.... #...S... .
#....... ........
#......# .........
#......##..........
#.....S............###
#....S................
#....@................
#.....................
#.....................
#......##############.
#.....## #####'
#.....# #..... #.....#
#..... #.....# #.....
#.....


You could see an anaconda, a naga ritualist, 2 mana vipers and a black mamba.


Message History

You headbutt the naga sharpshooter.
You kill the naga sharpshooter!
Beogh accepts your kill.
You hit the naga mage. You freeze the naga mage.
You feel sick. The naga mage spits poison at you.
The splash of poison hits you. You resist.
* * * LOW HITPOINT WARNING * * *
Vashnia spits poison at you. The splash of poison hits you. You resist.
* * * LOW HITPOINT WARNING * * *
HP[-10] MP[-2]
You take 10 damage, and now have 80/178 hp.
You lost 2 mp, and now have 12/24 mp.
You are too injured to fight recklessly!
You are too injured to fight recklessly!
You slash the naga mage! You freeze the naga mage.
You kill the naga mage!
Beogh accepts your kill.
You feel sick.
MP[-1]
You lost 1 mp, and now have 11/24 mp.
You feel sick.
The naga sharpshooter mumbles some strange words.
The naga sharpshooter magically shoots an arrow.
The arrow hits you but does no damage.
Vashnia shoots a bolt.
The bolt hits you!
* * * LOW HITPOINT WARNING * * *
The bolt burns you.
* * * LOW HITPOINT WARNING * * *
HP[-20] MP[+1]
You take 20 damage, and now have 60/178 hp.
You slash Vashnia! You freeze Vashnia. You headbutt Vashnia!
You feel sick.
The naga sharpshooter gestures wildly while chanting.
The naga sharpshooter magically shoots an arrow.
You block the arrow. Vashnia spits poison at you.
The splash of poison hits you! You resist.
* * * LOW HITPOINT WARNING * * *
HP[-7] MP[-1]
You take 7 damage, and now have 53/178 hp.
You lost 1 mp, and now have 11/24 mp.
Press: ? - help, . - travel You can't see that place. [the floor.] Unknown command.
Unknown command.
Unknown command.
As you read the scroll of teleportation {@r4}, it crumbles to dust.
You feel strangely unstable.
You feel sick. Vashnia spits poison at you. The splash of poison hits you.
You are more poisoned.
You have difficulty breathing.
* * * LOW HITPOINT WARNING * * *
You feel yourself slow down.
* * * LOW HITPOINT WARNING * * *
HP[-9]
You take 9 damage, and now have 44/178 hp.
You slash Vashnia! You freeze Vashnia.
You feel extremely sick.
Vashnia gestures wildly while chanting.
Vashnia blinks!
The naga sharpshooter shoots an arrow.
You block the arrow.
The naga sharpshooter shoots an arrow.
The arrow hits you but does no damage.
HP[-9] MP[-1]
You take 9 damage, and now have 35/178 hp.
You lost 1 mp, and now have 10/24 mp.
You feel extremely sick.
The naga sharpshooter shoots an arrow.
You block the arrow.
The naga sharpshooter shoots an arrow.
The arrow hits you!!
* * * LOW HITPOINT WARNING * * *
HP[-27]
You take 27 damage, and now have 8/178 hp.
Read: scroll of fear
Press: ? - help, Q - select action, (/) - cycle Dir - look around, f - activate Look: a naga sharpshooter, wielding a +0 shortbow and wearing a +0 robe (concentrated venom, chance to affect: 64%)
As you read the scroll of fear, it crumbles to dust.
You assume a fearsome visage.
The naga sharpshooter looks frightened! x2
Your surroundings suddenly seem different.
A mana viper and a black mamba come into view.
* * * LOW HITPOINT WARNING * * *
You feel extremely sick.
The mana viper hisses angrily.
A naga ritualist comes into view.
It is wielding a +0 dire flail and carrying a wand of paralysis.
HP[-5] MP[+1]
You take 5 damage, and now have 3/178 hp.
Okay, then.
A red film seems to cover your vision as you go berserk!
You feel yourself moving faster!
You feel mighty!
* * * LOW HITPOINT WARNING * * *
You feel very sick.
The naga ritualist shouts!
An anaconda comes into view.
A mana viper comes into view.
The naga ritualist zaps a wand.
You resist with almost no effort.
HP[-1]
You now have 267 max hp (+89).
You miss the mana viper. You headbutt the mana viper.
You die...

Skill      XL: |  1  2  3  4  5  6  7  8  9 10 11 12 13 14 15 16 17 18 |
---------------+-------------------------------------------------------+-----
Axes           | 3 4 5 6 7 9 10 13 16 | 16.0
Fighting       | 6 10 13 17 20 | 20.0
Dodging        | 1 |  1.1
Throwing       | 2 9 10 | 10.0
Armour         | 10 13 15 | 15.0
Shields        | 4 9 12 15 16 18 | 18.0
Invocations    | 1 7 10 | 10.0
Evocations     | 1 6 10 11 | 11.8

Action                     |  1- 3 |  4- 6 |  7- 9 | 10-12 | 13-15 | 16-18 || total
---------------------------+-------+-------+-------+-------+-------+-------++-------
  Melee: War axe           |    34 |   105 |   332 |   499 |   958 |  1088 ||  3016
         Headbutt          |     2 |    15 |    66 |   134 |   242 |   340 ||   799
         Morningstar       |       |       |       |       |     8 |    63 ||    71
  Throw: Throwing net      |       |       |     1 |    13 |       |       ||    14
         Boomerang         |       |       |       |    31 |       |       ||    31
         Dart              |       |       |       |       |     9 |     8 ||    17
         Javelin           |       |       |       |       |     6 |     3 ||     9
 Invoke: Convert to Beogh  |       |       |     1 |       |       |       ||     1
         Recruit Apostle   |       |       |       |     2 |     2 |     1 ||     5
         Recall Apostles   |       |       |       |     4 |     5 |     4 ||    13
         Dismiss Apostle   |       |       |       |       |     1 |     1 ||     2
         Blood for Blood   |       |       |       |       |       |     1 ||     1
  Evoke: Wand              |       |       |       |     1 |       |     1 ||     2
         Phial of floods   |       |       |       |       |       |     2 ||     2
    Use: Potion            |     1 |       |       |     4 |     7 |     8 ||    20
         Scroll            |       |     5 |     4 |    14 |     6 |    10 ||    39
   Stab: Paralysed         |       |       |       |    10 |       |       ||    10
         Distracted        |       |       |       |     4 |    16 |     7 ||    27
         Held in net/web   |       |       |       |     1 |       |       ||     1
         Confused          |       |       |       |       |       |     2 ||     2
 Armour: Scale mail        |    42 |    22 |       |       |       |       ||    64
         Chain mail        |       |    67 |   298 |    16 |       |       ||   381
         Plate armour      |       |       |       |   464 |   619 |  1288 ||  2371
  Dodge: Dodged            |    18 |    27 |   125 |   125 |   187 |   281 ||   763
  Block: Buckler           |     6 |    23 |    76 |   123 |       |       ||   228
         Kite shield       |       |       |       |    11 |   490 |   901 ||  1402

Levels and vault maps discovered:
D:1:      dpeg_chamrin_arrival_tetris, layout_loops_ring
D:2:      minmay_chambers_of_ones, layout_basic,
          nicolae_concentric_dashed_squares_mild, uniq_robin
D:3:      layout_rooms, shapermc_ecumenical_altar_mp_ritualfount,
          minmay_circle_x, uniq_grinder, uniq_terence, uniq_ijyb, uniq_natasha
D:4:      layout_basic, mainiacjoe_overflow_catch_the_wave
D:5:      layout_cave_pools, eat_drink_and_be_merry_uskayaw,
          minmay_temple_entry_stoned_glass, serial_shops, shop
D:6:      layout_cave_pods, grunt_temple_overflow_open
D:7:      gammafunk_cloud_chamber, layout_loops_ring, lemuel_tele_altar,
          ebering_ghost_inner_flame
D:8:      cheibrodos_frozen_isle, layout_cave_pools,
          nicolae_sif_muna_condensation, lair_entry_dummy,
          nicolae_fountain_basement, uniq_maggie
D:9:      layout_loops_cross, trog_three_pillars_becter, grunt_qazlal_sundering,
          special_room [special_room_orc], nicolae_shop_overcharged_wands
D:10:     layout_cross, lemuel_round_altar, serial_shops,
          nicolae_shop_tiny_real_fake_doors, nicolae_shop_stone,
          nicolae_shop_tiny_glass, nicolae_shop_tiny_waterfront, shop,
          minmay_fractal_squares_gapless_7
D:11:     layout_cave_pools, minmay_orc_entry_guard_dogs, serial_shops,
          nicolae_shop_advertising_works [nicolae_subvault_shop_adworks]
D:12:     layout_loops_ring, grunt_potential
Lair:1:   layout_chaotic_city, basic_altar, grunt_megastairs_2, uniq_nergalle,
          uniq_harold
Lair:2:   layout_roguey, st_stairs_4
Lair:3:   layout_regular_city, minmay_swamp_entry_reptiles,
          guppyfry_snake_entry_island, gauntlet_entry_generic,
          beast_lair_carwin_4
Lair:4:   layout_cellular_growth, chequers_serial_rivers_room_a, uniq_sonja
Lair:5:   hellmonk_lair_end_abyssal_woods, layout_misc_corridors, slime_entry_2,
          maelrawn_ghost_gauntlet_escape
Swamp:1:  regret_index_all_hallows'_manor, layout_basic_swamp,
          nicolae_swamp_oxbows
Swamp:2:  layout_basic_swamp, evilmike_swamp_ruin_house_5, swamp_pool_1_2
Swamp:3:  layout_falls_marsh, evilmike_swamp_ruin_house_1,
          infiniplex_staircase_pool, uniq_jorgrun, uniq_roxanne
Swamp:4:  swamp_alternative, layout_basic_swamp
Snake:1:  nicolae_snakescales, layout_layer_cave, minmay_shoptagon
Snake:2:  layout_cave_town, basic_altar, nicolae_stop_n_shop_1
Snake:3:  layout_cave_town
Snake:4:  grunt_snake_rune_pools, layout_grid_maze, basic_altar,
          statue_in_the_mist_lemuel, serial_bayou_pond_b, uniq_mara,
          uniq_vashnia
Orc:1:    layout_diamond_mine, uniq_erolcha, uniq_josephine, uniq_snorg
Orc:2:    st_orc_elflike, layout_diamond_mine, nicolae_orc_crystal_geode
Elf:1:    minmay_elf_arrival_circle, layout_onion_city, serial_shops,
          nicolae_shop_overgrown_old_shop, hex_tiny, minivault_20, uniq_frances,
          uniq_donald
Elf:2:    elven_hall_of_blades_hangedman_original
          [nicolae_vaults_blade_armed_guards], layout_loops_corners,
          portal_desolation_entry_twin_temple
Elf:3:    grunt_elf_hall_diamonds, layout_gridlike, st_stairs_3

Notes
Turn   | Place    | Note
-------+----------+-------------------------------------------
     0 | D:1      | zeratav the Minotaur Fighter began the quest for the Orb.
     0 | D:1      | Reached XP level 1. HP: 19/19 MP: 0/0
     0 | D:1      | magus.rc [v1.9.6]
   137 | D:1      | Reached skill level 3 in Axes
   140 | D:1      | Reached XP level 2. HP: 22/26 MP: 1/1
   233 | D:1      | You pick up a book of Winter and begin reading...
   233 | D:1      | You add the spells Ozocubu's Armour, Metabolic Englaciation
                  | and Sculpt Simulacrum to your library.
   454 | D:1      | Reached skill level 4 in Axes
   536 | D:1      | You pick up a book of Annihilations and begin reading...
   536 | D:1      | You add the spells Chain Lightning, Fire Storm and Shatter
                  | to your library.
   667 | D:2      | Reached XP level 3. HP: 31/31 MP: 2/2
   703 | D:2      | Noticed Robin
   713 | D:2      | Reached skill level 5 in Axes
   713 | D:2      | Killed Robin
   714 | D:2      | Reached XP level 4. HP: 12/39 MP: 3/3
   835 | D:2      | You pick up a book of Transmutation and begin reading...
   835 | D:2      | You add the spells Sublimation of Blood, Petrify and
                  | Irradiate to your library.
  1324 | D:2      | Reached skill level 6 in Axes
  1546 | D:3      | Reached XP level 5. HP: 43/45 MP: 4/4
  1588 | D:3      | Noticed Ijyb
  1603 | D:3      | HP: 7/45 [Ijyb/puff of flame (5)]
  1607 | D:3      | Killed Ijyb
  1768 | D:3      | Reached skill level 7 in Axes
  1890 | D:3      | Noticed Natasha
  1896 | D:3      | Killed Natasha
  1943 | D:3      | Noticed Natasha
  1948 | D:3      | Killed Natasha
  1949 | D:3      | Reached XP level 6. HP: 51/51 MP: 5/5
  1964 | D:3      | Noticed Grinder
  1970 | D:3      | Paralysed by Grinder for 3 turns
  1982 | D:3      | Killed Grinder
  1983 | D:3      | Reached skill level 9 in Axes
  2121 | D:3      | Found a faded altar of an unknown god.
  2171 | D:3      | Noticed Natasha
  2180 | D:3      | Killed Natasha
  2181 | D:3      | Reached XP level 7. HP: 48/57 MP: 6/6
  2264 | D:3      | Noticed Terence
  2271 | D:3      | Killed Terence
  2784 | D:4      | Reached skill level 10 in Axes
  2785 | D:4      | Found a basalt altar of Yredelemnul.
  2820 | D:4      | Found an ornate altar of the Wu Jian Council.
  2837 | D:4      | Reached skill level 4 in Fighting
  3134 | D:4      | Reached skill level 5 in Fighting
  3683 | D:5      | Entered Level 5 of the Dungeon
  3683 | D:5      | Found Seoqia Ryll's Distillery.
  3693 | D:5      | Became a worshipper of Beogh the Shepherd
  3700 | D:5      | Reached skill level 6 in Fighting
  3715 | D:5      | Bought a potion of degeneration for 12 gold pieces
  3715 | D:5      | Bought a potion of curing for 36 gold pieces
  3725 | D:5      | You pick up a book of Cantrips and begin reading...
  3725 | D:5      | You add the spells Sting, Necrotise, Summon Small Mammal
                  | and Apportation to your library.
  3760 | D:5      | Reached XP level 8. HP: 60/71 MP: 7/7
  3840 | D:5      | Found a hide-covered altar of Uskayaw.
  3876 | D:5      | Reached skill level 7 in Fighting
  3890 | D:5      | Reached * piety under Beogh
  4024 | D:5      | Found a staircase to the Ecumenical Temple.
  4187 | D:5      | Bought a potion of heal wounds for 60 gold pieces
  4417 | D:6      | Reached skill level 8 in Fighting
  4651 | D:6      | Reached skill level 9 in Fighting
  4775 | D:6      | Found an iron altar of Okawaru.
  4780 | D:6      | Found a glowing silver altar of Zin.
  5061 | D:7      | Found a transporter.
  5094 | D:7      | Found a burning altar of Makhleb.
  5109 | D:7      | Found a transporter.
  5140 | D:7      | Reached skill level 10 in Fighting
  5151 | D:7      | Reached skill level 1 in Dodging
  5641 | D:7      | You pick up a book of Party Tricks and begin reading...
  5641 | D:7      | You add the spells Jinxbite and Alistair's Intoxication to
                  | your library.
  5753 | D:7      | Found a runed translucent door.
  5753 | D:7      | Noticed Savior361's ghost (novice CoHu)
  5983 | D:7      | Reached skill level 2 in Throwing
  6014 | D:8      | Found a staircase to the Lair.
  6034 | D:8      | Reached XP level 9. HP: 85/85 MP: 8/8
  6042 | D:8      | Reached skill level 3 in Throwing
  6056 | D:8      | Noticed an ice devil
  6059 | D:8      | Noticed an ice devil
  6083 | D:8      | You pick up a book of Conjurations and begin reading...
  6083 | D:8      | You add the spells Magic Dart, Searing Ray and Fulminant
                  | Prism to your library.
  6161 | D:8      | Reached skill level 4 in Throwing
  6165 | D:8      | Noticed an ice devil
  6204 | D:8      | Noticed an ice devil
  6204 | D:8      | Noticed an ice devil
  6217 | D:8      | Noticed an ice devil
  6224 | D:8      | You pick up a book of Party Tricks and begin reading...
  6230 | D:8      | Reached ** piety under Beogh
  6239 | D:8      | Reached skill level 5 in Throwing
  6253 | D:8      | Noticed an ice statue
  6256 | D:8      | Noticed Maggie
  6286 | D:8      | Killed Maggie
  6287 | D:8      | Reached skill level 6 in Throwing
  6342 | D:8      | You add the spells Olgreb's Toxic Radiance, Ozocubu's
                  | Refrigeration and Discord to your library.
  6385 | D:8      | Found a shimmering blue altar of Sif Muna.
  6425 | D:8      | Noticed an ice devil
  6708 | D:9      | Reached skill level 7 in Throwing
  6940 | D:9      | Found a bloodstained altar of Trog.
  7127 | D:9      | Noticed a two-headed ogre
  7137 | D:9      | HP: 19/85 [two-headed ogre/+0 giant club (16)]
  7138 | D:9      | HP: 6/85 [two-headed ogre/+0 giant club (14)]
  7139 | D:9      | Killed a two-headed ogre
  7140 | D:9      | Reached skill level 8 in Throwing
  7347 | D:9      | Found Gog Ypy's Overcharged Wands.
  7378 | D:9      | Found a stormy altar of Qazlal.
  7400 | D:9      | Reached skill level 9 in Throwing
  7400 | D:9      | Reached XP level 10. HP: 34/93 MP: 9/9
  7814 | D:10     | Entered Level 10 of the Dungeon
  8075 | D:10     | Found a snail-covered altar of Cheibriados.
  8121 | D:10     | Reached skill level 10 in Throwing
  8155 | D:10     | Found Ycubbaz's Magic Scroll Boutique.
  8168 | D:10     | Reached skill level 4 in Armour
  8174 | D:10     | Bought 2 scrolls of identify for 68 gold pieces
  8177 | D:10     | Bought a scroll of identify for 34 gold pieces
  8264 | D:10     | Found Dezxas's Weapon Emporium.
  8303 | D:10     | Noticed a meliai
  8307 | D:10     | Noticed a deep elf pyromancer
  8336 | D:10     | Reached skill level 5 in Armour
  8341 | D:10     | Noticed an orc knight
  8341 | D:10     | Noticed a centaur warrior
  8347 | D:10     | Noticed an ogre mage
  8352 | D:10     | Noticed a deep elf pyromancer
  8357 | D:10     | Noticed an orc knight
  8366 | D:10     | Killed a centaur warrior
  8367 | D:10     | Reached skill level 6 in Armour
  8482 | D:10     | Found Erarusut's Weapon Emporium.
  8538 | D:10     | Found Niusijoa's Armour Boutique.
  8546 | D:10     | Bought a +0 kite shield for 49 gold pieces
  8602 | D:10     | Reached skill level 7 in Armour
  8783 | D:10     | Found Achugab's Armour Shoppe.
  8885 | D:11     | You pick up a book of Touch and begin reading...
  8885 | D:11     | You add the spells Kiss of Death, Confusing Touch and
                  | Dispel Undead to your library.
  8914 | D:11     | Noticed a manticore
  8986 | D:11     | Identified the ring "Fyorphe" {rPois Will+ Dex+3}
  9085 | D:11     | Noticed a two-headed ogre
  9106 | D:11     | Killed a two-headed ogre
  9107 | D:11     | Reached skill level 8 in Armour
  9116 | D:11     | Killed a manticore
  9117 | D:11     | Reached skill level 9 in Armour
  9138 | D:11     | Found a staircase to the Orcish Mines.
  9210 | D:11     | Found Lostul's Antique Armour Boutique.
  9249 | D:11     | Reached skill level 10 in Armour
  9357 | D:11     | Reached *** piety under Beogh
  9381 | D:11     | Noticed Dorog
  9416 | D:11     | Anointed Dorog the priest as your apostle
  9653 | D:12     | Reached skill level 4 in Shields
  9653 | D:12     | Reached XP level 11. HP: 90/99 MP: 10/10
  9794 | D:12     | You pick up a book of the Senses and begin reading...
  9794 | D:12     | You add the spells Dazzling Flash, Mephitic Cloud, Curse of
                  | Agony and Silence to your library.
  9850 | D:12     | Noticed a boulder beetle
  9891 | D:12     | Killed a boulder beetle
  9892 | D:12     | Reached skill level 5 in Shields
  9944 | D:12     | Noticed a catoblepas
  9944 | D:12     | Noticed a cyan ugly thing
  9944 | D:12     | Noticed a two-headed ogre
  9993 | D:12     | Noticed a green ugly thing
 10038 | D:12     | Noticed a boulder beetle
 10066 | D:12     | Killed a boulder beetle
 10067 | D:12     | Reached skill level 11 in Axes
 10067 | D:12     | Reached skill level 6 in Shields
 10323 | D:12     | Reached skill level 7 in Shields
 10360 | D:12     | HP: 14/99 [gargoyle/+0 morningstar (15)]
 10363 | D:12     | HP: 5/99 [gargoyle/+0 morningstar (7)]
 10365 | D:12     | Reached skill level 12 in Axes
 10459 | D:12     | Reached skill level 8 in Shields
 10505 | D:12     | Your ally Dorog died
 10704 | D:12     | Killed a catoblepas
 11044 | Lair:1   | Entered Level 1 of the Lair of Beasts
 11053 | Lair:1   | Reached skill level 9 in Shields
 11091 | Lair:1   | Anointed Worak the warrior as your apostle
 11171 | Lair:1   | Noticed Nergalle
 11186 | Lair:1   | Killed Nergalle
 11187 | Lair:1   | Reached skill level 13 in Axes
 11187 | Lair:1   | Reached XP level 12. HP: 51/99 MP: 11/11
 11246 | Lair:1   | Reached **** piety under Beogh
 11290 | Lair:1   | Reached skill level 10 in Shields
 11334 | Lair:1   | Found a burning altar of Makhleb.
 11476 | Lair:1   | Noticed Harold
 11484 | Lair:1   | Killed Harold
 11964 | Lair:2   | Reached skill level 14 in Axes
 11970 | Lair:2   | Reached skill level 11 in Shields
 12375 | Lair:2   | Noticed an eight-headed hydra
 12385 | Lair:2   | Killed a 13-headed hydra
 12389 | Lair:2   | Reached skill level 12 in Shields
 12453 | Lair:2   | Reached skill level 15 in Axes
 12747 | Lair:3   | Noticed a boulder beetle
 12748 | Lair:3   | Noticed a boulder beetle
 12764 | Lair:3   | Killed a boulder beetle
 12772 | Lair:3   | Killed a boulder beetle
 12808 | Lair:3   | Found a gate leading to a gauntlet.
 12873 | Lair:3   | Reached ***** piety under Beogh
 12874 | Lair:3   | Reached skill level 16 in Axes
 12876 | Gauntlet | Entered a Gauntlet
 12876 | Gauntlet | Noticed a catoblepas
 12876 | Gauntlet | Found a transporter.
 12876 | Gauntlet | Found a transporter.
 12876 | Gauntlet | Found a transporter.
 12877 | Gauntlet | Found a transporter.
 12879 | Gauntlet | Found a large runed translucent door.
 12880 | Gauntlet | Found a large runed translucent door.
 12881 | Gauntlet | Found a transporter.
 12881 | Gauntlet | Found a large runed translucent door.
 12881 | Gauntlet | Found a large runed translucent door.
 12881 | Gauntlet | Found a transporter.
 12881 | Gauntlet | Found a runed translucent door.
 12882 | Gauntlet | Found a large runed translucent door.
 12883 | Gauntlet | Found a large runed translucent door.
 12884 | Gauntlet | Found a large runed translucent door.
 12884 | Gauntlet | Found a large runed translucent door.
 12885 | Gauntlet | Found a runed translucent gate.
 12885 | Gauntlet | Found a runed translucent gate.
 12887 | Gauntlet | Found a transporter.
 12888 | Gauntlet | Found a runed translucent door.
 12889 | Gauntlet | Found a runed translucent door.
 12889 | Gauntlet | Found a runed translucent gate.
 12890 | Gauntlet | Found a transporter.
 12890 | Gauntlet | Found a transporter.
 12892 | Gauntlet | Found a transporter.
 12894 | Gauntlet | Noticed a quicksilver ooze
 12900 | Gauntlet | Found a transporter.
 12900 | Gauntlet | Found a transporter.
 12930 | Gauntlet | Found a large runed translucent door.
 12930 | Gauntlet | Found a large runed translucent door.
 12931 | Gauntlet | Found a large runed translucent door.
 12932 | Gauntlet | Found a large runed translucent door.
 12933 | Gauntlet | Found a large runed translucent door.
 12933 | Gauntlet | Found a large runed translucent door.
 12934 | Gauntlet | Found a large runed translucent door.
 12935 | Gauntlet | Found a large runed translucent door.
 13283 | Gauntlet | Reached XP level 13. HP: 94/113 MP: 12/12
 13375 | Gauntlet | Killed a quicksilver ooze
 13486 | Gauntlet | Noticed a minotaur
 13494 | Gauntlet | Killed a minotaur
 13614 | Lair:3   | Noticed Boderik
 13625 | Lair:3   | Anointed Boderik the wizard as your apostle
 13819 | Lair:3   | You pick up a book of the Tundra and begin reading...
 13819 | Lair:3   | You add the spells Hailstorm and Summon Ice Beast to your
                  | library.
 14076 | Lair:3   | Found a staircase to the Swamp.
 14086 | Lair:3   | Reached skill level 11 in Fighting
 14309 | Lair:3   | Found a staircase to the Snake Pit.
 14717 | Lair:3   | Reached skill level 13 in Shields
 15172 | Lair:4   | Reached skill level 12 in Fighting
 15464 | Lair:4   | Reached skill level 14 in Shields
 15746 | Lair:4   | Noticed Sonja
 15757 | Lair:4   | Killed Sonja
 15941 | Lair:5   | Entered Level 5 of the Lair of Beasts
 15986 | Lair:5   | Found the +3 crown of Dyrovepreva {rElec Int+2 SInv}
 16164 | Lair:5   | Your ally Boderik died
 16166 | Lair:5   | Reached skill level 13 in Fighting
 16355 | Lair:5   | Found a runed translucent gate.
 16355 | Lair:5   | Found a runed translucent gate.
 16355 | Lair:5   | Found a runed translucent gate.
 16413 | Lair:5   | Reached skill level 15 in Shields
 16423 | Lair:5   | Your ally Worak died
 16424 | Lair:5   | Reached XP level 14. HP: 130/130 MP: 0/13
 16427 | Lair:5   | Noticed zewo's ghost (journeyman FeSu)
 16427 | Lair:5   | Your ally Dorog died
 16439 | Lair:5   | Reached skill level 14 in Fighting
 16506 | Lair:5   | HP: 30/133 [minotaur/staff of fire (17)]
 16630 | Lair:5   | Killed zewo's ghost
 16777 | Lair:5   | You add the spells Brom's Barrelling Boulder and Summon
                  | Lightning Spire to your library.
 16777 | Lair:5   | Got the Folio of Massed Trauma
 16830 | Lair:5   | Reached skill level 15 in Fighting
 17322 | Lair:5   | Found a viscous altar of Jiyva.
 17326 | Lair:5   | Found a staircase to the Slime Pits.
 17750 | Lair:5   | Identified the +1 dire flail of the Sage {vamp, Str+3 Int+3
                  | Dex+2}
 17788 | Lair:5   | Reached skill level 11 in Armour
 17789 | Lair:5   | Anointed Bogmar the warrior as your apostle
 17969 | Lair:5   | Identified the +4 scale mail of Servitude {rPois Will++
                  | Int-4 Slay+2}
 18088 | Lair:5   | Reached ****** piety under Beogh
 18112 | Lair:5   | Reached skill level 16 in Fighting
 18232 | Lair:5   | Found a corrupted altar of Lugonu.
 18232 | Lair:5   | Found a one-way gate to the infinite horrors of the Abyss.
 18472 | Orc:1    | Entered Level 1 of the Orcish Mines
 18527 | Orc:1    | Noticed Snorg
 18535 | Orc:1    | Killed Snorg
 18622 | Orc:2    | Entered Level 2 of the Orcish Mines
 18680 | Orc:2    | Found a staircase to the Elven Halls.
 18970 | Orc:2    | Reached skill level 12 in Armour
 19266 | Orc:2    | Found Qaenaody's Armour Shoppe.
 19301 | Orc:2    | Found Setae's Weapon Shop.
 19332 | Orc:2    | Your ally Bogmar died
 19337 | Orc:2    | Found Omafog's Assorted Antiques.
 19446 | Orc:2    | Found Rontush's Book Shoppe.
 19452 | Orc:2    | Bought 3 scrolls of revelation for 765 gold pieces
 19593 | Elf:1    | Entered Level 1 of the Elven Halls
 19906 | Elf:1    | Reached skill level 17 in Fighting
 19906 | Elf:1    | Reached skill level 13 in Armour
 20001 | Elf:1    | Reached XP level 15. HP: 147/147 MP: 9/14
 20041 | Elf:1    | Paralysed by an air elemental for 1 turns
 20485 | Elf:1    | Noticed Frances
 20497 | Elf:1    | Killed Frances
 20745 | Elf:1    | Noticed Donald
 20760 | Elf:1    | Killed Donald
 20762 | Elf:1    | o - a +3 double sword of electrocution {longrare=g}
 20909 | Elf:1    | Found Ubeocs's Assorted Antiques.
 20925 | Elf:1    | Bought a scroll of fear for 92 gold pieces
 21010 | Elf:1    | Reached skill level 14 in Armour
 21159 | Elf:2    | Reached skill level 18 in Fighting
 21353 | Elf:2    | Paralysed by an air elemental for 1 turns
 21592 | Elf:2    | You drop a +3 double sword of electrocution {longrare=g}.
 21744 | Elf:2    | Reached skill level 15 in Armour
 21792 | Elf:2    | Found a runed translucent gate.
 21792 | Elf:2    | Found a runed translucent gate.
 21815 | Elf:2    | Found a runed translucent gate.
 22297 | Elf:2    | Reached skill level 19 in Fighting
 22330 | Elf:2    | Your ally Worak died
 22330 | Elf:2    | Your ally Bogmar died
 22332 | Elf:2    | Your ally Dorog died
 22338 | Elf:2    | HP: 38/152 [+2 glaive of venom (24)]
 22343 | Elf:2    | HP: 19/152 [+1 executioner's axe of pain (15)]
 22382 | Elf:2    | Identified the +0 robe of Nysinenk {rF+}
 22593 | Elf:2    | g - a +1 executioner's axe of pain {axerare=g}
 22615 | Elf:2    | Reached skill level 20 in Fighting
 22651 | Elf:2    | Reached skill level 1 in Invocations
 22651 | Elf:2    | Reached skill level 1 in Evocations
 22684 | Elf:2    | Reached XP level 16. HP: 145/155 MP: 3/16
 22843 | Elf:2    | u - a +0 double sword of distortion {!wlongrare=g}
 22878 | Elf:2    | You drop a +0 double sword of distortion {!wlongrare=g}.
 22895 | Elf:2    | u - a +0 double sword of distortion {!wlongrare=g}
 22942 | Elf:2    | Reached skill level 2 in Invocations
 23044 | Elf:2    | You drop a +1 executioner's axe of pain {axerare=g}.
 23045 | Elf:2    | You drop a +0 double sword of distortion {!wlongrare=g}.
 23092 | Elf:3    | Entered Level 3 of the Elven Halls
 23122 | Elf:3    | Reached skill level 2 in Evocations
 23147 | Elf:3    | Noticed a deep elf master archer
 23409 | Swamp:1  | Entered Level 1 of the Swamp
 23436 | Swamp:1  | Reached skill level 3 in Invocations
 23555 | Swamp:1  | Reached skill level 3 in Evocations
 23642 | Swamp:1  | Identified the +3 scale mail "Daniacs" {rF+ rC+ rCorr
                  | Slay+3}
 23821 | Swamp:1  | You pick up a book of the Moon and begin reading...
 23821 | Swamp:1  | You add the spells Passage of Golubria and Lehudib's
                  | Crystal Spear to your library.
 23906 | Swamp:1  | You pick up a book of the Earth and begin reading...
 23906 | Swamp:1  | You add the spells Leda's Liquefaction, Lee's Rapid
                  | Deconstruction and Bombard to your library.
 24203 | Swamp:1  | You pick up a book of Burglary and begin reading...
 24203 | Swamp:1  | You add the spells Ensorcelled Hibernation, Swiftness and
                  | Passwall to your library.
 24237 | Swamp:1  | Reached skill level 4 in Invocations
 24579 | Swamp:1  | Reached skill level 4 in Evocations
 25224 | Swamp:2  | Reached skill level 5 in Invocations
 26029 | Swamp:3  | Reached skill level 5 in Evocations
 26101 | Swamp:3  | Noticed Jorgrun
 26114 | Swamp:3  | Killed Jorgrun
 26131 | Swamp:3  | Reached skill level 16 in Shields
 26146 | Swamp:3  | Reached skill level 6 in Invocations
 26442 | Swamp:3  | Noticed Roxanne
 26460 | Swamp:3  | HP: 39/162 [Roxanne/iron shot (36)]
 26460 | Swamp:3  | Killed Roxanne
 26741 | Swamp:4  | Entered Level 4 of the Swamp
 26749 | Swamp:4  | Your ally Bogmar died
 26761 | Swamp:4  | Reached skill level 6 in Evocations
 26953 | Swamp:4  | Your ally Worak died
 26958 | Swamp:4  | Reached skill level 7 in Invocations
 26959 | Swamp:4  | HP: 38/162 [seven-headed hydra (5)]
 26964 | Swamp:4  | HP: 29/162 [seven-headed hydra (5)]
 27226 | Swamp:4  | Your ally Dorog died
 27246 | Swamp:4  | Reached XP level 17. HP: 77/170 MP: 0/21
 27685 | Swamp:4  | Reached skill level 7 in Evocations
 27892 | Swamp:4  | Reached skill level 17 in Shields
 28073 | Swamp:4  | Reached skill level 8 in Invocations
 28328 | Swamp:4  | Got a decaying rune of Zot
 28615 | Swamp:2  | Identified the +1 dagger of the Tomato {heavy, rElec MP-9
                  | Int+6}
 28638 | Swamp:2  | HP: 32/170 [red devil/+0 trident[Benkei the orc apostle]
                  | (16)]
 28643 | Swamp:2  | HP: 23/170 [poisoned by Benkei (bolt of poison)]
 28648 | Swamp:2  | HP: 20/170 [Benkei the orc apostle/bolt of poison (8)]
 28649 | Swamp:2  | HP: 8/170 [Benkei the orc apostle/bolt of poison (13)]
 28654 | Swamp:2  | HP: 33/170 [Benkei the orc apostle/lance of force (18)]
 28655 | Swamp:2  | HP: 10/170 [red devil/+0 trident[Benkei the orc apostle]
                  | (13)]
 28661 | Swamp:2  | HP: 52/255 [poisoned by Benkei (bolt of poison)]
 28670 | Swamp:2  | Anointed Benkei the wizard as your apostle
 28823 | Snake:1  | Entered Level 1 of the Snake Pit
 29490 | Swamp:1  | Your ally Bogmar died
 29497 | Swamp:1  | Your ally Worak died
 29497 | Swamp:1  | Paralysed by a fenstrider witch for 4 turns
 29503 | Swamp:1  | Your ally Benkei died
 29508 | Swamp:1  | Reached skill level 8 in Evocations
 29519 | Swamp:1  | You add the spells Fugue of the Fallen, Ignite Poison,
                  | Anguish and Martyr's Knell to your library.
 29519 | Swamp:1  | Got the Treatise on the Fetid Crypt
 29788 | Snake:1  | Found Qeck's Antique Weapon Shop.
 29788 | Snake:1  | Found Vocyaruc's Magic Scroll Boutique.
 29934 | Snake:1  | Bought a runed war axe for 266 gold pieces
 29941 | Snake:1  | Bought a scroll of blinking for 127 gold pieces
 29941 | Snake:1  | Bought a scroll of blinking for 127 gold pieces
 29941 | Snake:1  | Bought a scroll of revelation for 127 gold pieces
 29996 | Snake:1  | Reached skill level 9 in Invocations
 31426 | Snake:2  | Reached skill level 18 in Shields
 31709 | Snake:2  | Found a broken altar of Ashenzari.
 31796 | Snake:2  | Found Votoseu's Magic Scroll Shop.
 31821 | Snake:2  | Bought a scroll of teleportation for 48 gold pieces
 31849 | Snake:2  | Reached skill level 9 in Evocations
 32085 | Snake:2  | Reached skill level 10 in Invocations
 32377 | Snake:3  | Your ally Bogmar died
 32385 | Snake:3  | Your ally Benkei died
 32386 | Snake:3  | Your ally Worak died
 32396 | Snake:3  | Reached skill level 10 in Evocations
 32734 | Snake:3  | Reached XP level 18. HP: 141/178 MP: 17/24
 32747 | Snake:3  | HP: 43/178 [salamander/+0 trident (6)]
 32752 | Snake:3  | HP: 37/178 [poisoned by a naga ritualist (toxic radiance)]
 33302 | Snake:3  | Reached skill level 11 in Evocations
 33435 | Snake:4  | Entered Level 4 of the Snake Pit
 33473 | Snake:4  | Noticed Mara
 33474 | Snake:4  | Noticed zeratav's illusion
 33502 | Snake:4  | Killed Mara
 33725 | Snake:4  | Found a sparkling altar of Nemelex Xobeh.
 33795 | Snake:4  | Noticed Vashnia
 33842 | Snake:4  | HP: 44/178 [Vashnia/splash of poison (2)]
 33844 | Snake:4  | HP: 8/178 [naga sharpshooter/arrow[Vashnia] (19)]
 33845 | Snake:4  | HP: 3/178 [poisoned by Vashnia (concentrated venom)]
 33847 | Snake:4  | Succumbed to Vashnia's concentrated venom

Vanquished Creatures
  Mara (Snake:4)
  Frances (Elf:1)
  A thorn hunter (Swamp:4)
  Donald (Elf:1)
  A fenstrider witch (Swamp:4)
  A ghoul (Swamp:1)
  A quicksilver ooze (Gauntlet)
  A deep elf demonologist (Elf:3)
  3 eleionomae
  A bunyip (Swamp:1)
  A deep elf death mage (Elf:2)
  A minotaur (Lair:5)
  The ghost of zewo the Thaumaturge, a journeyman FeSu of Kikubaaqudgha (Lair:5)
  Snorg (Orc:1)
  15 hydras
  A salamander tyrant (Snake:2)
  4 ghost crabs (Swamp:1)
  2 peacekeepers (Elf:2)
  9 anacondas
  A catoblepas (D:12)
  A centaur warrior (D:10)
  2 boulder beetles
  7 alligators
  2 two-headed ogres
  17 dancing weapons
  6 naga warriors
  4 death yaks (Lair:5)
  2 thrashing horrors (Lair:5)
  6 shock serpents
  8 naga sharpshooters
  Nergalle (Lair:1)
  2 orc high priests (Orc:2)
  3 spriggans (Swamp:3)
  9 deep elf knights
  Sonja (Lair:4)
  A skyshark (Lair:4)
  A sea snake (Snake:4)
  A sixfirhy (Gauntlet)
  5 mana vipers
  4 salamander mystics
  2 death drakes
  12 swamp dragons
  A goliath frog (Swamp:1)
  3 spriggan druids
  2 deep elf archers
  11 bog bodies
  2 orc knights (Orc:2)
  3 naga ritualists
  5 lindwurms
  An ugly thing (Lair:5)
  15 deep elf pyromancers
  8 deep elf zephyrmancers
  A cyclops (D:12)
  16 salamanders
  4 manticores
  9 will-o-the-wisps
  3 large abominations (Lair:5)
  A kobold blastminer (Orc:2)
  2 orc sorcerers (Orc:2)
  8 elephants
  2 guardian serpents (Snake:2)
  A rust devil (Swamp:2)
  35 black mambas
  3 smoke demons (Lair:5)
  14 naga magi
  15 cane toads
  2 rime drakes
  Maggie (D:8)
  6 komodo dragons
  A kobold demonologist (D:12)
  3 trolls
  Grinder (D:3)
  9 tyrant leeches
  4 hornets
  A polar bear (Lair:5)
  18 blink frogs
  2 raiju (Lair:5)
  5 slime creatures
  4 shadows
  A water elemental (Elf:2)
  An air elemental (Elf:1)
  A ynoxinul (Lair:5)
  7 wyverns
  2 wraiths
  24 yaks
  A fire elemental (Elf:1)
  A golden eye (Gauntlet)
  A warg (D:11)
  A chaos spawn (Lair:5)
  18 nagas
  12 swamp worms
  13 water moccasins
  4 swamp drakes (Swamp:4)
  7 orc warriors
  3 black bears
  6 small abominations (Lair:5)
  2 wolves
  4 ogres
  3 centaurs
  A kobold brigand (D:11)
  A phantom (D:7)
  10 bullfrogs
  2 earth elementals
  A scorpion (D:5)
  5 wights
  3 killer bees (D:9)
  2 howler monkeys
  4 hounds
  5 jellies
  5 orc priests
  A bombardier beetle (D:4)
  2 gnoll boudas
  An iron imp (Elf:2)
  A sleepcap (D:4)
  Ijyb (D:3)
  Terence (D:3)
  4 hell rats (Lair:2)
  An iguana (D:6)
  Natasha (thrice) (D:3)
  10 orc wizards
  Robin (D:2)
  23 gnolls
  7 adders
  2 shadow imps
  3 white imps
  5 ufetubi
  5 dart slugs
  2 ribbon worms (D:3)
  32 orcs
  6 bats
  7 endoplasms
  4 giant cockroaches
  20 goblins
  7 hobgoblins
  6 jackals
  9 kobolds
  4 quokkas
  7 ball pythons
  3 frilled lizards
  4 rats
700 creatures vanquished.

Vanquished Creatures (collateral kills)
  Jorgrun (Swamp:3)
  Roxanne (Swamp:3)
  A fenstrider witch (Swamp:1)
  3 bunyips
  2 eleionomae
  A minotaur (Gauntlet)
  Harold (Lair:1)
  A ghost crab (Swamp:2)
  2 hydras
  3 boulder beetles
  An alligator (Swamp:2)
  A naga warrior (Snake:1)
  4 dancing weapons
  A two-headed ogre (Orc:2)
  A death yak (Lair:5)
  A shock serpent (Snake:1)
  3 deep elf knights (Elf:2)
  A skyshark (Lair:4)
  2 death drakes
  A swamp dragon (Lair:3)
  A spriggan druid (Swamp:3)
  2 deep elf archers (Elf:1)
  2 orc knights (Orc:2)
  An ugly thing (Lair:5)
  7 deep elf pyromancers
  7 deep elf zephyrmancers
  2 cyclopes
  A meliai (shapeshifter) (D:12)
  A will-o-the-wisp (Swamp:4)
  2 elephants (Lair:5)
  An orc apostle (Swamp:1)
  An eye of devastation (Gauntlet)
  A manticore (D:12)
  3 kobold blastminers (Orc:2)
  A gargoyle (D:12)
  5 cane toads
  4 black mambas
  A komodo dragon (Lair:1)
  A polar bear (Lair:5)
  4 tyrant leeches
  8 blink frogs
  An air elemental (Elf:2)
  2 wyverns
  2 spriggans
  A ynoxinul (Lair:5)
  A wraith (D:12)
  A vampire (D:12)
  7 yaks
  2 basilisks
  A steam dragon (Lair:2)
  5 water moccasins
  A swamp worm (Swamp:1)
  A naga (Snake:1)
  An orc warrior (Orc:2)
  2 small abominations (Lair:5)
  A centaur (D:12)
  An earth elemental (Elf:2)
  A howler monkey (D:12)
  2 iguanas (Lair:3)
  2 hell rats (Lair:2)
  An orc wizard (Orc:2)
  An ufetubus (Gauntlet)
  An orc (Orc:2)
  2 foxfires (Lair:3)
128 creatures vanquished.

Vanquished Creatures (others)
  An alligator (Swamp:1)
  An orc high priest (Orc:2)
  2 deep elf knights (Elf:2)
  16 orc apostles
  An orc sorcerer (Orc:2)
  A black mamba (Snake:3)
  An ice devil (Swamp:2)
  7 bloated husks
  2 swamp worms (Swamp:1)
  A howler monkey (D:12)
  6 orc priests
  An orc wizard (Orc:2)
  17 orcs
  115 foxfires
172 creatures vanquished.

Grand Total: 1000 creatures vanquished

Table legend:
 A = Non-vault XP
 B = Vault XP
 C = Vault XP percentage of total XP
 D = Non-vault monster count
 E = Vault monster count
 F = Vault count percentage of total count
                 A         B        C        D         E       F
            +---------+---------+-------+---------+---------+-------
      Total |  193884 |  117337 |  37.7 |     595 |     264 |  30.7
            +---------+---------+-------+---------+---------+-------
        D:1 |      37 |       0 |   0.0 |      13 |       0 |   0.0
        D:2 |      48 |      74 |  60.7 |       8 |      18 |  69.2
        D:3 |     204 |     425 |  67.6 |      23 |      12 |  34.3
        D:4 |     465 |       0 |   0.0 |      33 |       0 |   0.0
        D:5 |     414 |       0 |   0.0 |      26 |       0 |   0.0
        D:6 |     423 |       0 |   0.0 |      10 |       0 |   0.0
        D:7 |     525 |       0 |   0.0 |       9 |       0 |   0.0
        D:8 |    1105 |     528 |  32.3 |      25 |       3 |  10.7
        D:9 |    1553 |     260 |  14.3 |      14 |      11 |  44.0
       D:10 |    1231 |    1146 |  48.2 |       7 |       3 |  30.0
       D:11 |    2095 |     293 |  12.3 |       9 |       2 |  18.2
       D:12 |    6106 |    3038 |  33.2 |      23 |       6 |  20.7
     Lair:1 |    3153 |    3485 |  52.5 |      12 |      10 |  45.5
     Lair:2 |    6575 |     390 |   5.6 |      27 |       1 |   3.6
     Lair:3 |    7833 |    2318 |  22.8 |      23 |      10 |  30.3
     Lair:4 |    7432 |     763 |   9.3 |      20 |       1 |   4.8
     Lair:5 |   16728 |   14411 |  46.3 |      49 |      45 |  47.9
    Swamp:1 |   11984 |   14109 |  54.1 |      22 |      32 |  59.3
    Swamp:2 |    5216 |       0 |   0.0 |      10 |       0 |   0.0
    Swamp:3 |   11591 |    4737 |  29.0 |      21 |       4 |  16.0
    Swamp:4 |   14301 |   17781 |  55.4 |      25 |      26 |  51.0
    Snake:1 |   18351 |    5335 |  22.5 |      35 |      10 |  22.2
    Snake:2 |   17754 |       0 |   0.0 |      33 |       0 |   0.0
    Snake:3 |   21648 |       0 |   0.0 |      44 |       0 |   0.0
    Snake:4 |    5876 |    6011 |  50.6 |       9 |       4 |  30.8
      Orc:1 |     230 |     943 |  80.4 |       2 |       1 |  33.3
      Orc:2 |    2495 |    6070 |  70.9 |      13 |      14 |  51.9
      Elf:1 |   15180 |    6078 |  28.6 |      24 |       8 |  25.0
      Elf:2 |   13331 |   24498 |  64.8 |      26 |      33 |  55.9
      Elf:3 |       0 |    1062 | 100.0 |       0 |       1 | 100.0
   Gauntlet |       0 |    3582 | 100.0 |       0 |       9 | 100.0
            +---------+---------+-------+---------+---------+-------

Skill      XL: |  1  2  3  4  5  6  7  8  9 10 11 12 13 14 15 16 17 18 |
---------------+-------------------------------------------------------+-----
Axes           | 3 4 5 6 7 9 10 13 16 | 16.0
Fighting       | 6 10 13 17 20 | 20.0
Dodging        | 1 |  1.1
Throwing       | 2 9 10 | 10.0
Armour         | 10 13 15 | 15.0
Shields        | 4 9 12 15 16 18 | 18.0
Invocations    | 1 7 10 | 10.0
Evocations     | 1 6 10 11 | 11.8

Action                     |  1- 3 |  4- 6 |  7- 9 | 10-12 | 13-15 | 16-18 || total
---------------------------+-------+-------+-------+-------+-------+-------++-------
  Melee: War axe           |    34 |   105 |   332 |   499 |   958 |  1088 ||  3016
         Headbutt          |     2 |    15 |    66 |   134 |   242 |   340 ||   799
         Morningstar       |       |       |       |       |     8 |    63 ||    71
  Throw: Throwing net      |       |       |     1 |    13 |       |       ||    14
         Boomerang         |       |       |       |    31 |       |       ||    31
         Dart              |       |       |       |       |     9 |     8 ||    17
         Javelin           |       |       |       |       |     6 |     3 ||     9
 Invoke: Convert to Beogh  |       |       |     1 |       |       |       ||     1
         Recruit Apostle   |       |       |       |     2 |     2 |     1 ||     5
         Recall Apostles   |       |       |       |     4 |     5 |     4 ||    13
         Dismiss Apostle   |       |       |       |       |     1 |     1 ||     2
         Blood for Blood   |       |       |       |       |       |     1 ||     1
  Evoke: Wand              |       |       |       |     1 |       |     1 ||     2
         Phial of floods   |       |       |       |       |       |     2 ||     2
    Use: Potion            |     1 |       |       |     4 |     7 |     8 ||    20
         Scroll            |       |     5 |     4 |    14 |     6 |    10 ||    39
   Stab: Paralysed         |       |       |       |    10 |       |       ||    10
         Distracted        |       |       |       |     4 |    16 |     7 ||    27
         Held in net/web   |       |       |       |     1 |       |       ||     1
         Confused          |       |       |       |       |       |     2 ||     2
 Armour: Scale mail        |    42 |    22 |       |       |       |       ||    64
         Chain mail        |       |    67 |   298 |    16 |       |       ||   381
         Plate armour      |       |       |       |   464 |   619 |  1288 ||  2371
  Dodge: Dodged            |    18 |    27 |   125 |   125 |   187 |   281 ||   763
  Block: Buckler           |     6 |    23 |    76 |   123 |       |       ||   228
         Kite shield       |       |       |       |    11 |   490 |   901 ||  1402

Illustrated notes

Table legend:
 A = Kills in this place as a percentage of kills in the entire game.
 B = Kills by you in this place as a percentage of kills by you in the entire game.
 C = Kills by friends in this place as a percentage of kills by friends in the entire game.
 D = Other kills in this place as a percentage of other kills in the entire game.
 E = Experience gained in this place as a percentage of experience gained in the entire game.
 F = Experience gained in this place divided by the number of levels of this place that you have seen.
                   A       B       C       D       E      F
               +-------+-------+-------+-------+-------+----------------------
         Total | 100.0 | 100.0 | 100.0 | 100.0 | 100.0 | 10039.4
       Dungeon |  29.7 |  33.8 |   8.8 |  23.7 |   6.4 | 1664.2
          Lair |  23.1 |  20.8 |  40.0 |   7.9 |  20.3 | 12617.6
         Swamp |  16.3 |  14.8 |  17.6 |  39.5 |  25.6 | 19929.8
     Snake Pit |  15.7 |  18.1 |   4.0 |  10.5 |  24.1 | 18743.8
  Orcish Mines |   3.5 |   2.7 |   7.2 |   5.3 |   3.1 | 4869.0
   Elven Halls |  10.7 |   8.9 |  20.0 |  13.2 |  19.3 | 20049.7
      Gauntlet |   1.0 |   0.9 |   2.4 |   0.0 |   1.2 | 3582.0
               +-------+-------+-------+-------+-------+----------------------

Table legend: (Time is in decaauts)
 A = Elapsed time spent in this place.
 B = Non-inter-level travel time spent in this place.
 C = Inter-level travel time spent in this place.
 D = Time resting spent in this place.
 E = Time spent auto-exploring this place.
 F = Levels seen in this place.
 G = Mean time per level.
                   A        B        C        D        E       F      G
               +--------+--------+--------+--------+--------+-----+--------+
         Total |  33416 |  31358 |   2058 |   5805 |  18723 |  31 | 1077.9 |
       Dungeon |  11240 |  10016 |   1224 |   1368 |   6370 |  12 |  936.7 |
          Lair |   6608 |   6251 |    357 |    947 |   4079 |   5 | 1321.6 |
         Swamp |   5568 |   5384 |    184 |   1832 |   2436 |   4 | 1392.0 |
     Snake Pit |   4576 |   4499 |     77 |    837 |   2816 |   4 | 1144.0 |
  Orcish Mines |   1132 |   1069 |     63 |      2 |    922 |   2 |  566.0 |
   Elven Halls |   3585 |   3434 |    151 |    686 |   1927 |   3 | 1195.0 |
      Gauntlet |    703 |    703 |      0 |    133 |    173 |   1 |  703.0 |
               +--------+--------+--------+--------+--------+-----+--------+

Top non-repeatable levels by time:
  Lair:5: 2316 daAuts
 Swamp:1: 2083 daAuts
   Elf:2: 1976 daAuts
 Snake:1: 1890 daAuts
  Lair:3: 1638 daAuts
   Elf:1: 1552 daAuts
     D:4: 1472 daAuts
 Swamp:4: 1448 daAuts
    D:12: 1328 daAuts
     D:9: 1321 daAuts
 Snake:2: 1149 daAuts
 Snake:3: 1142 daAuts
 Swamp:3: 1057 daAuts
 Swamp:2: 978 daAuts
   Orc:2: 977 daAuts
